 Dungeon Crawl Stone Soup version 0.20.1-1-g8b1a95d (webtiles) character file.

3362 Gargoyl the Cleaver (level 9, -1/120 HPs)
             Began as a Minotaur Abyssal Knight on July 10, 2017.
             Was a Priest of Lugonu.
             Slain by a gargoyle
             ... wielding a +0 flail
              (10 damage)
             ... on level 7 of the Dungeon.
             The game lasted 00:15:02 (8407 turns).

Gargoyl the Cleaver (Minotaur Abyssal Knight)       Turns: 8407, Time: 00:15:02

Health: -1/120     AC: 24    Str: 16    XL:     9   Next: 73%
Magic:  4/12       EV:  2    Int:  9    God:    Lugonu [***...]
Gold:   238        SH: 15    Dex: 17    Spells: 8/8 levels left

rFire    + . .     SeeInvis .   x - +1 war axe
rCold    + . .     Gourm    .   d - +0 large shield
rNeg     + + +     Faith    .   (armour currently unavailable)
rPois    +         Spirit   .   (helmet currently unavailable)
rElec    +         Reflect  .   (cloak currently unavailable)
rCorr    +         Harm     .   (gloves currently unavailable)
MR       .....     NoTele   +   (boots currently unavailable)
Stlth    +++.......             (no amulet)
Regen    0.3/turn               e - +1 ring of evasion
MPRegen  0.2/turn               k - ring of poison resistance

@: agile, tree-form, resistant
A: (retaliatory headbutt), rugged brown scales 1, weak 1
a: Depart the Abyss, Bend Space, Banish, Renounce Religion


You were on level 7 of the Dungeon.
You worshipped Lugonu.
Lugonu was most pleased with you.
You were not hungry.
You were a tree.
You visited 1 branch of the dungeon, and saw 7 of its levels.
You visited the Abyss 1 time.

You collected 430 gold pieces.
You spent 192 gold pieces at shops.

Inventory:

Hand Weapons
 a - a +2 hand axe
 f - a +3 trident
 x - a +1 war axe (weapon)
Armour
 d - a +0 large shield (worn)
 j - a +0 chain mail (melded)
 s - a +2 cloak (melded)
Jewellery
 e - a +1 ring of evasion (left branch)
 k - a ring of poison resistance (right branch)
 l - an uncursed ring of fire
Wands
 y - a wand of enslavement (11/24)
 z - a wand of confusion (21/48)
Scrolls
 n - 2 scrolls of identify
 o - 3 scrolls of fog
 r - a scroll of magic mapping
 v - a scroll of amnesia
 w - a scroll of recharging
 C - a scroll of remove curse
Potions
 i - a potion of haste
 q - 2 potions of might
 t - a potion of resistance
Books
 u - a book of Misfortune

   Spells                             Type                      Level
   a - Confusing Touch                Hexes                        1
   b - Confuse                        Hexes                        3
   c - Gell's Gravitas                Translocation                3
   d - Petrify                        Transmutation/Earth          4
   e - Metabolic Englaciation         Hexes/Ice                    5
   f - Yara's Violent Unravelling     Hexes/Transmutation          5
 B - a book of Summonings

   Spells                             Type                      Level
   a - Recall                         Summoning/Translocation      3
   b - Aura of Abjuration             Summoning                    5
   c - Summon Demon                   Summoning                    5
   d - Summon Forest                  Summoning/Translocation      5
   e - Summon Mana Viper              Hexes/Summoning              5
   f - Shadow Creatures               Summoning                    6
Comestibles
 b - 2 royal jellies
 c - 3 bread rations
 g - a meat ration
 h - 2 fruits


   Skills:
 + Level 6.6 Fighting
 + Level 9.1 Axes
 * Level 7.7 Armour
 + Level 3.0 Dodging
 + Level 7.8 Shields
 * Level 5.5 Invocations


You had 8 spell levels left.
You didn't know any spells.

Dungeon Overview and Level Annotations

Branches:
Dungeon (7/15)             Temple (0/1) D:4

Altars:

Shops:
D:5 *   D:7 }

Annotations:
D:7 SirMumm's ghost, novice GrWz


Innate Abilities, Weirdness & Mutations

((You reflexively headbutt those who attack you in melee.))
((You have a pair of horns on your head.))
((You are partially covered in large bone plates. (SH +4)))
(You are partially covered in rugged brown scales. (AC +1, +3% HP))
You are weak. (Str -2)


Message History

You hit the gargoyle but do no damage.
The gargoyle is heavily damaged.
You hit the gargoyle but do no damage.
The gargoyle hurls a stone arrow at you.
The stone arrow hits you! You block the gargoyle's attack.
The gargoyle hits you but does no damage.
Unknown command.
You hit the gargoyle but do no damage.
The gargoyle is heavily damaged.
You hit the gargoyle but do no damage. You block the gargoyle's attack. x2
Unknown command.
You hit the gargoyle but do no damage.
The gargoyle is heavily damaged.
You hit the gargoyle but do no damage.
The gargoyle hurls a stone arrow at you.
The stone arrow hits you!
* * * LOW HITPOINT WARNING * * *
Unknown command.
You feel better. The gargoyle hits you with a flail!
You die...

#........÷####### #.#.#
#.........#######.#.#.#
................##.#.#.###
....................(.....
#.####§#...........#.#.#.. .
..#.#.####.##.###.#.#.. .
#.#.#..<.#.##.###.#.#..
....##.#.######.##..##.#.#..
.........99♣9..........#.#..
.############....##..###.#..
...<........!###.# #.###
....####.9...# #.# #.# # .
#.....# #.###.# # #.....#
#..##.# # #.....# ##.##.# #
#.....# #....# #
#.##.#####....# #


You could see 3 gargoyles.

Vanquished Creatures
  Pikel (D:4)
  A troll (D:6)
  Menkaure (D:4)
  Edmund (D:4)
  An orc warrior (D:6)
  2 slaves (D:4)
  2 ogres (D:5)
  3 phantoms
  4 centaurs
  A bullfrog (D:6)
  2 scorpions
  A crimson imp (D:6)
  A centaur zombie (D:5)
  2 centaur skeletons
  2 hounds
  6 orc priests
  Crazy Yiuf (D:3)
  2 iguanas
  5 orc wizards
  Jessica (D:3)
  Terence (D:2)
  7 worker ants
  Natasha (thrice) (D:3)
  Robin (D:3)
  12 adders
  6 gnolls
  3 shadow imps
  A white imp (Abyss:1)
  2 oozes
  2 adder skeletons (D:4)
  3 worms
  A dart slug (D:5)
  3 leopard geckos
  18 orcs
  4 ball pythons
  3 giant cockroaches
  11 goblins
  9 hobgoblins
  8 jackals
  5 quokkas
  9 bats
  5 frilled lizards
  A jackal zombie (D:5)
  8 kobolds
  5 rats
171 creatures vanquished.

Vanquished Creatures (others)
  A gargoyle (D:7)
  Sigmund (D:5)
  7 starspawn tentacles (Abyss:1)
9 creatures vanquished.

Grand Total: 180 creatures vanquished

Notes
Turn   | Place    | Note
-------+----------+-------------------------------------------
     0 | Abyss:1  | Gargoyl the Minotaur Abyssal Knight began the quest for the Orb.
     0 | Abyss:1  | Reached XP level 1. HP: 19/19 MP: 1/1
   133 | Abyss:1  | Noticed a tentacled starspawn
   159 | Abyss:1  | Noticed a ynoxinul
   215 | Abyss:3  | Noticed a thrashing horror
   217 | D:1      | Escaped the Abyss
   340 | D:1      | Reached XP level 2. HP: 26/27 MP: 2/2
   403 | D:1      | Reached * piety under Lugonu
   745 | D:2      | Noticed Terence
   753 | D:2      | Gained mutation: You are partially covered in large bone plates. (SH +4) [potion of mutation]
   753 | D:2      | Gained mutation: You are weak. (Str -2) [potion of mutation]
   753 | D:2      | Gained mutation: You are partially covered in rugged brown scales. (AC +1, +3% HP) [potion of mutation]
   763 | D:2      | Killed Terence
   763 | D:2      | Reached skill level 3 in Axes
   763 | D:2      | Reached XP level 3. HP: 23/33 MP: 3/3
  1370 | D:2      | Reached XP level 4. HP: 42/42 MP: 4/4
  1921 | D:3      | Reached skill level 1 in Shields
  1927 | D:3      | Reached skill level 4 in Axes
  1931 | D:3      | Reached XP level 5. HP: 25/48 MP: 5/5
  2108 | D:3      | Noticed Jessica
  2129 | D:3      | Killed Jessica
  2189 | D:3      | Noticed Natasha
  2199 | D:3      | Killed Natasha
  2339 | D:3      | Reached XP level 6. HP: 12/54 MP: 6/6
  2646 | D:3      | Noticed Robin
  2657 | D:3      | Reached ** piety under Lugonu
  2914 | D:3      | Killed Robin
  3207 | D:3      | Noticed Natasha
  3214 | D:3      | Killed Natasha
  3323 | D:3      | Noticed Natasha
  3331 | D:3      | Killed Natasha
  3467 | D:3      | Found a runed door.
  3471 | D:3      | Noticed Crazy Yiuf
  3481 | D:3      | Killed Crazy Yiuf
  3481 | D:3      | Reached skill level 5 in Fighting
  3814 | D:4      | Noticed Edmund
  3841 | D:4      | Killed Edmund
  3841 | D:4      | Reached skill level 5 in Axes
  3841 | D:4      | Reached XP level 7. HP: 26/62 MP: 8/8
  4057 | D:4      | Noticed Menkaure
  4074 | D:4      | Killed Menkaure
  4074 | D:4      | Reached skill level 5 in Armour
  4444 | D:4      | Reached *** piety under Lugonu
  4570 | D:4      | Found a staircase to the Ecumenical Temple.
  4592 | D:4      | Reached skill level 6 in Axes
  4607 | D:4      | Reached XP level 8. HP: 48/71 MP: 9/9
  5017 | D:5      | Entered Level 5 of the Dungeon
  5473 | D:5      | Reached skill level 5 in Shields
  5647 | D:5      | Found Juedugh's General Store.
  5659 | D:5      | Reached skill level 7 in Axes
  5671 | D:5      | Bought a scroll of enchant weapon for 82 gold pieces
  5671 | D:5      | Bought a potion of resistance for 110 gold pieces
  5754 | D:5      | Noticed Pikel
  5757 | D:5      | Noticed Sigmund
  5867 | D:4      | Killed Pikel
  5955 | D:5      | Killed Sigmund
  6148 | D:5      | Reached skill level 8 in Axes
  6148 | D:5      | Reached XP level 9. HP: 43/77 MP: 11/11
  6530 | D:6      | Reached skill level 5 in Invocations
  6547 | D:6      | Reached **** piety under Lugonu
  7593 | D:7      | Noticed SirMumm's ghost (novice GrWz)
  7611 | D:7      | Noticed a troll
  7866 | D:6      | Killed a troll
  7866 | D:6      | Reached skill level 9 in Axes
  8309 | D:7      | Found Orrall's Gadget Shoppe.
  8374 | D:7      | Noticed a gargoyle
  8376 | D:7      | Noticed a gargoyle
  8378 | D:7      | Noticed a gargoyle
  8381 | D:7      | Banished a gargoyle
  8389 | D:7      | Noticed a gargoyle
  8401 | D:7      | HP: 6/120 [gargoyle/flail (9)]
  8406 | D:7      | HP: 3/120 [gargoyle/stone arrow (13)]
  8407 | D:7      | Slain by a gargoyle

Skill      XL: |  1  2  3  4  5  6  7  8  9 |
---------------+----------------------------+-----
Fighting       | 4 5 6 |  6.6
Invocations    | 2 3 4 5 |  5.5
Axes           | 3 4 5 6 8 9 |  9.1
Armour         | 3 4 5 6 7 |  7.7
Shields        | 1 2 3 4 6 7 |  7.8
Dodging        | 2 3 |  3.0

Action                   |  1- 3 |  4- 6 |  7- 9 || total
-------------------------+-------+-------+-------++-------
Melee: Hand axe          |    75 |   216 |   138 ||   429
       Headbutt          |    11 |    27 |    53 ||    91
       War axe           |       |       |   263 ||   263
Invok: Depart the Abyss  |     1 |       |       ||     1
       Banish            |       |       |     3 ||     3
  Use: Scroll            |     2 |     6 |     8 ||    16
       Potion            |     3 |       |    11 ||    14
  Eat: Chunk             |     1 |     9 |    12 ||    22
       Bread ration      |       |       |     1 ||     1
Armor: Scale mail        |    26 |       |       ||    26
       Chain mail        |    10 |   107 |   180 ||   297
       Skin              |       |     3 |    16 ||    19
Dodge: Dodged            |    36 |    27 |    68 ||   131
Block: Large shield      |    17 |   225 |   460 ||   702
